 Dungeon Crawl Stone Soup version 0.27-a0-668-gb5737ff2c0 (webtiles) character file.

Game seed: 12206342800312733607

379 Alarak the Conjurer (level 6, -1/45 HPs)
             Began as a Draconian Fire Elementalist on Mar 18, 2021.
             Slain by a phantom (4 damage)
             ... on level 4 of the Dungeon.
             The game lasted 00:14:15 (4068 turns).

Alarak the Conjurer (Draconian Fire Elementalist)   Turns: 4068, Time: 00:14:16

Health: -1/45      AC:  8    Str: 11    XL:     6   Next: 45%
Magic:  1/10       EV: 12    Int: 17    God:
Gold:   241        SH:  0    Dex: 11    Spells: 7/11 levels left

rFire    . . .     SeeInvis .   h - staff of conjuration
rCold    . . .     Faith    .   (no shield)
rNeg     . . .     Spirit   .   (armour unavailable)
rPois    .         Reflect  .   (helmet restricted)
rElec    .         Harm     .   (no cloak)
rCorr    .         Rampage  .   (no gloves)
Will     .....                  g - +1 pair of boots
Stlth    ++........             (no amulet)
HPRegen  0.15/turn              (no ring)
MPRegen  0.12/turn              (no ring)

@: no status effects
A: AC +6, unfitting armour, cold-blooded
a: no special abilities


You were on level 4 of the Dungeon.
You visited 1 branch of the dungeon, and saw 5 of its levels.

You collected 241 gold pieces.

Inventory:

Hand Weapons
 d - a +0 club
Armour
 g - a +1 pair of boots (worn)
Magical Staves
 h - a staff of conjuration (weapon)
Scrolls
 b - a scroll of silence {unknown}
 c - a scroll of fear {unknown}
 e - a scroll of magic mapping {unknown}
 f - a scroll of teleportation {unknown}
 j - a scroll of blinking {unknown}
 k - a scroll of vulnerability {unknown}
 m - a scroll of identify {unknown}
Potions
 a - 2 potions of flight {unknown}
 i - a potion of haste {unknown}
 l - a potion of curing {unknown}
 n - a potion of mutation {unknown}


   Skills:
 - Level 1.7 Dodging
 - Level 1.7 Stealth
 - Level 3.0 Spellcasting
 + Level 5.5 Conjurations
 - Level 4.0 Fire Magic


You had 7 spell levels left.
You knew the following spells:

 Your Spells              Type           Power      Damage    Failure   Level
a - Foxfire               Conj/Fire      100%       2x1d9     2%          1
b - Conjure Flame         Conj/Fire      28%        6-21      8%          3

Your spell library contained the following spells:

 Spells                   Type           Power      Damage    Failure   Level
 Animate Skeleton         Necr           4%         N/A       17%         1
 Apportation              Tloc           4%         N/A       17%         1
 Corona                   Hex            2%         N/A       17%         1
 Summon Small Mammal      Summ           8%         N/A       17%         1
 Inner Flame              Hex/Fire       9%         N/A       22%         3
 Sticky Flame             Conj/Fire      28%        2d5       24%         4
 Fireball                 Conj/Fire      14%        3d8       56%         5


Dungeon Overview and Level Annotations

Branches:
Dungeon (5/15)
 Temple: D:4-7

Altars:
Hepliaklqana


Innate Abilities, Weirdness & Mutations

Your plain brown scales are hard. (AC +6)
You cannot fit into any form of body armour.
You are cold-blooded and may be slowed by cold attacks.


Message History

The phantom is lightly damaged.
The phantom misses you.
The orc priest invokes the aid of Beogh against you.
Beogh smites you!
You are too injured to fight recklessly!
Casting: Foxfire (safe; 2% risk of failure)
Confirm with . or Enter, or press ? or * to list all spells.
You feel a surge of power!
You conjure some foxfire!
The phantom closely misses you.
You barely miss the phantom.
The phantom is lightly damaged.
The foxfire hits the orc.
The orc is heavily wounded.
The foxfire hits the orc!
You kill the orc!
The phantom barely misses you.
The giant cockroach waves its antennae.
The phantom hits you.
The phantom blinks!
You blink.
Casting: Foxfire (safe; 2% risk of failure)
Confirm with . or Enter, or press ? or * to list all spells.
You feel a surge of power!
You conjure some foxfire!
The orc priest casts a cantrip, but nothing happens.
The foxfire hits the giant cockroach.
You kill the giant cockroach!
The phantom hits you.
* * * LOW HITPOINT WARNING * * *
The phantom blinks!
You blink.
The foxfire hits the phantom.
The phantom is moderately damaged.
The phantom hits you but does no damage.
You barely miss the phantom.
The phantom is lightly damaged.
The phantom hits you!
* * * LOW HITPOINT WARNING * * *
The phantom blinks!
You blink.
You hit the phantom.
Your tail-slap misses the phantom.
The phantom is moderately damaged.
The orc priest looks braver for a moment.
The phantom hits you.
You die...

### ..# #.#
#.########
#.........
#.§####### #..#
#..#######
#@W.......
#.o.###### #...#
#.†.# ######...#
#......).#
#.##...#.######.
#)#.<..#>.......
#.##...#.#######


You could see a phantom and an orc priest.

Vanquished Creatures
  A scorpion (D:4)
  2 howler monkeys (D:4)
  2 orc priests (D:4)
  A centaur skeleton (D:5)
  An orc wizard (D:4)
  6 adders
  A white imp (D:5)
  A dart slug (D:1)
  5 leopard geckos
  6 orcs
  6 giant cockroaches
  7 goblins
  6 hobgoblins
  4 jackals (D:1)
  A quokka (D:1)
  A ball python (D:4)
  7 bats
  8 frilled lizards
  9 kobolds
  A quokka zombie (D:5)
  5 rats
81 creatures vanquished.

Vanquished Creatures (others)
  218 foxfires
218 creatures vanquished.

Grand Total: 299 creatures vanquished

Notes
Turn   | Place    | Note
-------+----------+-------------------------------------------
     0 | D:1      | Alarak the Draconian Fire Elementalist began the quest for
                  | the Orb.
     0 | D:1      | Reached XP level 1. HP: 14/14 MP: 3/3
   411 | D:1      | Reached XP level 2. HP: 19/20 MP: 1/5
  1210 | D:1      | Reached XP level 3. HP: 26/26 MP: 3/6
  1755 | D:2      | Learned a level 3 spell: Conjure Flame
  2286 | D:3      | Reached XP level 4. HP: 33/33 MP: 2/8
  2608 | D:3      | You fall into a shaft and drop 2 floors!
  2608 | D:5      | Entered Level 5 of the Dungeon
  2608 | D:5      | Found a hazy altar of Hepliaklqana.
  2624 | D:5      | Reached skill level 2 in Conjurations
  2756 | D:5      | Reached skill level 3 in Conjurations
  2833 | D:3      | Reached XP level 5. HP: 38/38 MP: 6/9
  3625 | D:4      | Reached skill level 4 in Conjurations
  3808 | D:4      | Reached XP level 6. HP: 33/45 MP: 4/10
  4031 | D:4      | Identified the +4 flail "Camil" {pain, rPois}
  4039 | D:4      | Reached skill level 5 in Conjurations
  4068 | D:4      | Slain by a phantom

Illustrated notes

Levels and vault maps discovered:
D:1:      shiori_arrival_elements, layout_basic
D:2:      layout_basic
D:3:      layout_basic, nrook_uturn
D:4:      layout_basic
D:5:      layout_rooms, basic_altar, chei_slow_surprise, uniq_menkaure

Skill      XL: |  1  2  3  4  5  6 |
---------------+-------------------+-----
Fire Magic     | 4 |  4.0
Spellcasting   | 3 |  3.0
Conjurations   | 3 4 5 |  5.5
Dodging        | |  1.7
Stealth        | |  1.7

Action                   |  1- 3 |  4- 6 || total
-------------------------+-------+-------++-------
Melee: Unarmed           |    11 |       ||    11
       Tailslap          |     1 |     1 ||     2
       Staff             |       |    12 ||    12
 Cast: Foxfire           |    70 |    67 ||   137
       Conjure Flame     |       |     1 ||     1
Armor: Skin              |    12 |    12 ||    24
Dodge: Dodged            |    27 |    21 ||    48

Table legend: (Time is in decaauts)
 A = Elapsed time spent in this place.
 B = Non-inter-level travel time spent in this place.
 C = Inter-level travel time spent in this place.
 D = Time resting spent in this place.
 E = Time spent auto-exploring this place.
 F = Levels seen in this place.
 G = Mean time per level.
                   A        B        C        D        E       F      G
               +--------+--------+--------+--------+--------+-----+--------+
         Total |   4070 |   3950 |    120 |    479 |   2857 |   5 |  814.0 |
       Dungeon |   4070 |   3950 |    120 |    479 |   2857 |   5 |  814.0 |
               +--------+--------+--------+--------+--------+-----+--------+

Top non-repeatable levels by time:
     D:1: 1485 daAuts
     D:3: 1479 daAuts
     D:2: 577 daAuts
     D:4: 368 daAuts
     D:5: 159 daAuts
